 Dungeon Crawl Stone Soup version 0.24-a0-355-gbe4061de67 (webtiles) character file.

Game seed: 3922253809432104731

538 theanonym the Cudgeler (level 7, -1/61 HPs)
             Began as a Minotaur Chaos Knight on May 24, 2019.
             Was a Plaything of Xom.
             Slain by a black bear (4 damage)
             ... on level 4 of the Dungeon.
             The game lasted 00:05:28 (3330 turns).

theanonym the Cudgeler (Minotaur Chaos Knight)      Turns: 3330, Time: 00:05:29

Health: -1/61      AC:  6    Str: 19      XL:     7   Next: 5%
Magic:  6/6        EV: 10    Int: 14      God:    Xom [......]
Gold:   40         SH:  4    Dex:  8 (9)  Spells: 6/6 levels left

rFire    . . .     SeeInvis +   a - +0 flail
rCold    . . .     Gourm    .   d - +0 buckler
rNeg     . . .     Faith    .   t - +0 scale mail
rPois    .         Spirit   .   (helmet restricted)
rElec    .         Reflect  .   (no cloak)
rCorr    .         Harm     .   (no gloves)
MR       .....     Clarity  +   (no boots)
Stlth    ..........             (no amulet)
HPRegen  0.20/turn              (no ring)
MPRegen  0.10/turn              x - ring of see invisible

@: brilliant, hasted, very quick
A: retaliatory headbutt, horns 2, blurry vision 1, clarity
a: Renounce Religion


Innate Abilities, Weirdness & Mutations

You reflexively headbutt those who attack you in melee.
You have a pair of horns on your head.
Scrolls take you a little longer to read.
You possess an exceptional clarity of mind.


   Skills:
 + Level 5.0 Fighting
 * Level 7.6 Maces & Flails
 - Level 3.1 Armour
 - Level 2.0 Dodging
 + Level 3.5 Shields


You had 6 spell levels left.
You didn't know any spells.
Your spell library was empty.

Skill      XL: |  1  2  3  4  5  6 |
---------------+-------------------+-----
Fighting       | 4 5 |  5.0
Maces & Flails | 4 5 6 7 |  7.6
Armour         | 3 |  3.1
Dodging        | 2 |  2.0
Shields        | 2 3 |  3.5

Action                   |  1- 3 |  4- 6 |  7- 9 || total
-------------------------+-------+-------+-------++-------
Melee: Mace              |    66 |       |       ||    66
       Headbutt          |     6 |    24 |       ||    30
       Flail             |    15 |   174 |     1 ||   190
  Use: Potion            |     1 |     1 |     1 ||     3
       Scroll            |       |     3 |       ||     3
  Eat: Chunk             |     1 |     7 |       ||     8
Armor: Leather armour    |    37 |     9 |       ||    46
       Ring mail         |       |    19 |       ||    19
       Scale mail        |       |    19 |       ||    19
Dodge: Dodged            |    64 |    99 |     1 ||   164
Block: Buckler           |       |    22 |     1 ||    23

Inventory:

Hand Weapons
 a - a +0 flail (weapon)
 k - a +0 mace of chaos
Armour
 b - a +2 leather armour
 c - a +0 ring mail
 d - a +0 buckler (worn)
 t - a +0 scale mail (worn)
Jewellery
 x - a ring of see invisible (right hand)
 y - an uncursed ring of ice
Scrolls
 f - a scroll of immolation {unknown}
 i - a scroll of enchant weapon {unknown}
 j - a scroll of random uselessness {unknown}
 l - 2 scrolls of fog {unknown}
 m - a scroll of magic mapping {unknown}
 n - 2 scrolls of remove curse
 u - a scroll of enchant armour {unknown}
 v - a scroll of teleportation {unknown}
Potions
 g - a potion of cancellation
 p - a potion of magic {unknown}
 q - a potion of might {unknown}
 r - a potion of lignification {unknown}
 s - a potion of mutation {unknown}
Comestibles
 e - 6 rations
 w - a chunk of flesh


You were on level 4 of the Dungeon.
You worshipped Xom.
You were a very special plaything of Xom.
You were not hungry.

You visited 1 branch of the dungeon, and saw 4 of its levels.

You collected 168 gold pieces.
You spent 128 gold pieces at shops.

Dungeon Overview and Level Annotations

Branches:
Dungeon (4/15)
 Temple: D:4-7

Altars:
Vehumet

Shops:
D:4

*
##......#...#.###....#.###.#####
#............#∩#......#......<#
#......#.....#'##.......#....###
#............#....####..#......#
#......#....####### #...#......#
#......###.# ##........[..
#......###.#######.............#
######..##.....!..............##
##........@......##.#..#.#
#.##.###h#).............#
#.......)....####.#..####
#....#.#.....# #....#
......#.......# .... #......
......# #......####...# ... ...∆
...# ..$ ..##


You could see a black bear (berserk).

Notes
Turn   | Place    | Note
-------+----------+-------------------------------------------
     0 | D:1      | theanonym the Minotaur Chaos Knight began the quest for the
                  | Orb.
     0 | D:1      | Reached XP level 1. HP: 19/19 MP: 0/0
   223 | D:1      | Reached XP level 2. HP: 23/27 MP: 1/1
   235 | D:1      | XOM: harmless Conj miscast
   303 | D:1      | XOM: give mutations
   303 | D:1      | Gained mutation: Your body sometimes deteriorates upon
                  | taking damage. [Xom's mischief]
   303 | D:1      | Gained mutation: Scrolls take you a little longer to read.
                  | [Xom's mischief]
   303 | D:1      | Gained mutation: You are frail. (-10% HP) [Xom's mischief]
   303 | D:1      | Gained mutation: You possess an exceptional clarity of
                  | mind. [Xom's mischief]
   340 | D:1      | XOM: smoke on damage
   360 | D:1      | Reached skill level 4 in Fighting
   360 | D:1      | Reached skill level 4 in Maces & Flails
   498 | D:1      | Reached skill level 3 in Armour
   624 | D:1      | Reached XP level 3. HP: 29/29 MP: 2/2
   630 | D:1      | XOM: silly message
  1015 | D:2      | HP: 14/29 [shadow imp/nerve-wracking pain (6)]
  1016 | D:2      | Reached skill level 2 in Dodging
  1244 | D:2      | Reached XP level 4. HP: 36/36 MP: 3/3
  1327 | D:2      | Noticed Robin
  1336 | D:2      | Reached skill level 5 in Maces & Flails
  1342 | D:2      | Killed Robin
  1386 | D:2      | Noticed Jessica
  1393 | D:2      | Killed Jessica
  1502 | D:2      | XOM: summons 2 hostile demons
  1509 | D:2      | HP: 17/36 [hobgoblin/+0 club (4)]
  1794 | D:2      | Reached XP level 5. HP: 33/41 MP: 4/4
  1836 | D:2      | XOM: cloud trail
  1966 | D:2      | Noticed a phantom
  1984 | D:2      | Killed a phantom
  1984 | D:2      | Reached skill level 6 in Maces & Flails
  1984 | D:2      | Reached skill level 2 in Shields
  2214 | D:2      | XOM: cloud trail
  2412 | D:3      | Reached XP level 6. HP: 40/46 MP: 5/5
  2470 | D:3      | XOM: god gift: 7 datura-tipped darts
  2671 | D:3      | Found a radiant altar of Vehumet.
  2777 | D:3      | Reached skill level 7 in Maces & Flails
  2990 | D:4      | Reached skill level 3 in Shields
  2997 | D:4      | XOM: cast spell 'Summon Hydra'
  3030 | D:4      | XOM: cleaving
  3031 | D:4      | XOM: cast spell 'Dispersal'
  3198 | D:4      | Found Hattotra's Assorted Antiques.
  3201 | D:4      | Bought a scroll of identify for 64 gold pieces
  3201 | D:4      | Bought a scroll labeled ILUTIQ WYRARIL for 32 gold pieces
  3201 | D:4      | Bought a scroll labeled GURAON SELAPY for 32 gold pieces
  3211 | D:4      | XOM: divination: detect items
  3266 | D:4      | XOM: give mutations
  3266 | D:4      | Lost mutation: You are frail. (-10% HP) [Xom's mischief]
  3266 | D:4      | Gained mutation: You are agile. (Dex +2) [Xom's mischief]
  3266 | D:4      | Lost mutation: You are agile. (Dex +2) [Xom's mischief]
  3266 | D:4      | Lost mutation: Your body sometimes deteriorates upon taking
                  | damage. [Xom's mischief]
  3311 | D:4      | XOM: give mutations
  3311 | D:4      | Gained mutation: You are clumsy. (Dex -2) [Xom's mischief]
  3311 | D:4      | Lost mutation: You are clumsy. (Dex -2) [Xom's mischief]
  3316 | D:4      | XOM: blink monster(s)
  3322 | D:4      | HP: 27/55 [orc priest/divine providence (10)]
  3324 | D:4      | HP: 12/55 [black bear (4)]
  3327 | D:4      | HP: 4/55 [black bear (5)]
  3328 | D:4      | Reached skill level 5 in Fighting
  3328 | D:4      | Reached XP level 7. HP: 4/61 MP: 6/6
  3330 | D:4      | Slain by a black bear

Vanquished Creatures
  A phantom (D:2)
  A bullfrog skeleton (D:4)
  An orc priest (D:4)
  4 orc wizards
  Jessica (D:2)
  A worker ant (D:4)
  Robin (D:2)
  6 adders
  A shadow imp (D:2)
  2 oozes
  An adder zombie (D:4)
  A worm (D:2)
  A dart slug (D:3)
  2 leopard geckos (D:1)
  11 orcs
  A ball python (D:1)
  3 giant cockroaches
  12 goblins
  11 hobgoblins
  2 jackals (D:3)
  12 bats
  5 frilled lizards
  A jackal skeleton (D:2)
  8 kobolds
  8 rats
98 creatures vanquished.

Vanquished Creatures (collateral kills)
  A scorpion (D:4)
  An orc wizard (D:4)
  A giant cockroach (D:4)
3 creatures vanquished.

Grand Total: 101 creatures vanquished

Table legend:
 A = Turns spent in this place as a percentage of turns spent in the entire game.
 B = Non-inter-level travel turns spent in this place as a percentage of non-inter-level travel turns spent in the entire game.
 C = Inter-level travel turns spent in this place as a percentage of turns spent in this place.
 D = Turns resting spent in this place as a percentage of non-inter-level travel turns spent in this place.
 E = Turns spent auto-exploring this place as a percentage of non-inter-level travel turns spent in this place.
 F = Non-inter-level travel turns spent in this place divided by the number of levels of this place that you've seen.
                   A       B       C       D       E      F
               +-------+-------+-------+-------+-------+----------------------
         Total | 100.0 | 100.0 |   5.9 |  25.6 |  57.6 | 783.2
       Dungeon | 100.0 | 100.0 |   5.9 |  25.6 |  57.6 | 783.2
               +-------+-------+-------+-------+-------+----------------------
